 Dungeon Crawl Stone Soup version 0.22-a0-422-g9628fc8 (webtiles) character file.

58 b5mith the Cudgeler (level 3, -2/51 HPs)
             Began as a Minotaur Berserker on May 18, 2018.
             Was a Believer of Trog.
             Slain by enarc13's ghost (14 damage)
             ... on level 4 of the Dungeon.
             The game lasted 00:04:44 (1415 turns).

b5mith the Cudgeler (Minotaur Berserker)            Turns: 1415, Time: 00:04:45

Health: -2/51      AC:  7    Str: 27    XL:     3   Next: 75%
Magic:  2/2        EV: 11    Int:  4    God:    Trog [**....]
Gold:   174        SH:  0    Dex:  9    Spells: 2/2 levels left

rFire    x . .     SeeInvis .   a - +0 mace
rCold    + . .     Gourm    .   (no shield)
rNeg     . . .     Faith    .   n - +0 ring mail
rPois    .         Spirit   .   (helmet restricted)
rElec    .         Reflect  .   l - +0 cloak
rCorr    .         Harm     .   g - +0 pair of gloves
MR       .....                  (no boots)
Stlth    ..........             (no amulet)
HPRegen  0.17/turn              s - ring of ice
MPRegen  0.08/turn              (no ring)

@: berserking, very quick
A: retaliatory headbutt, horns 2
a: Berserk, Trog's Hand, Renounce Religion


You were on level 4 of the Dungeon.
You worshipped Trog.
Trog was pleased with you.
You were very hungry.

You visited 1 branch of the dungeon, and saw 4 of its levels.

You collected 174 gold pieces.

Inventory:

Hand Weapons
 a - a +0 mace (weapon)
 m - a +0 short sword
   (You took it off a kobold on level 1 of the Dungeon)
Missiles
 h - 12 sling bullets
Armour
 b - a +0 animal skin
 g - a +0 pair of gloves (worn)
   (You found it on level 1 of the Dungeon)
 l - a +0 cloak (worn)
   (You found it on level 1 of the Dungeon)
 n - a +0 ring mail (worn)
   (You found it on level 1 of the Dungeon)
Jewellery
 s - a ring of ice (left hand)
   (You found it on level 2 of the Dungeon)
Scrolls
 d - 2 scrolls of identify {unknown}
 e - a scroll of enchant weapon {unknown}
 j - a scroll of magic mapping {unknown}
 k - 2 scrolls of teleportation {unknown}
 p - 4 scrolls of fog {unknown}
 q - 2 scrolls of remove curse {unknown}
 t - a scroll of enchant armour {unknown}
Potions
 i - 5 potions of flight {unknown}
 o - 2 potions of heal wounds {unknown}
 r - a potion of curing {unknown}
 u - a potion of brilliance {unknown}
Comestibles
 c - 4 rations


   Skills:
 + Level 4.7 Fighting
 + Level 4.8 Maces & Flails
 - Level 2.4 Armour
 - Level 2.1 Dodging


You had 2 spell levels left.
You didn't know any spells.
Your spell library was empty.

Dungeon Overview and Level Annotations

Branches:
Dungeon (4/15)
 Temple: D:4-7

Altars:

Annotations:
D:4 enarc13's ghost, amateur TrEE


Innate Abilities, Weirdness & Mutations

You reflexively headbutt those who attack you in melee.
You have a pair of horns on your head.


Message History

There is a stone staircase leading down here.
You climb downwards.
There is a stone staircase leading up here.
You open the door.
You are feeling hungry.
There is an open door here.
Found an escape hatch in the floor.
Enarc13's ghost (amateur Troll Earth Elementalist) comes into view.
Enarc13's ghost turns its malevolent gaze towards you.
There are no items here.
You are now empty-handed.
a - a +0 mace (weapon)
There are no items here.
Press: ? - help, v - describe, . - travel
Here: enarc13's ghost The floor.
A red film seems to cover your vision as you go berserk!
You feel yourself moving faster!
You feel mighty!
You are feeling very hungry.
Enarc13's ghost assumes a wrestling stance.
Enarc13's ghost closely misses you.
You thump enarc13's ghost! Your headbutt misses enarc13's ghost.
Enarc13's ghost is moderately damaged.
Enarc13's ghost hits you.
You closely miss enarc13's ghost.
Enarc13's ghost is moderately damaged.
You barely miss enarc13's ghost.
Enarc13's ghost is moderately damaged.
Enarc13's ghost hits you!
You hit enarc13's ghost. Your headbutt misses enarc13's ghost.
Enarc13's ghost is moderately damaged.
Enarc13's ghost hits you!
You sock enarc13's ghost! Your headbutt misses enarc13's ghost.
Enarc13's ghost is heavily damaged.
Enarc13's ghost hits you.
You barely miss enarc13's ghost.
Enarc13's ghost is heavily damaged.
You closely miss enarc13's ghost. Your headbutt misses enarc13's ghost.
Enarc13's ghost is heavily damaged.
Enarc13's ghost hits you!
* * * LOW HITPOINT WARNING * * *
You hit enarc13's ghost.
Enarc13's ghost is heavily damaged.
Enarc13's ghost barely misses you. You furiously retaliate!
You headbutt enarc13's ghost! You hit enarc13's ghost.
Enarc13's ghost is almost destroyed.
Enarc13's ghost says, "What's the hurry?
You'll die anyway."
Enarc13's ghost hits you!
You die...

####.............#
..##....###.........#
..........#.........#
......#...######....#
......#...#....#....#
......#...'....+....#
.....##...######....#
#######...###.......#
..........#...@...#
..........#...W...#
.........<#.......#
##+########.......#
.........#
..........#
.........!.#
...........#


You could see enarc13's ghost.

Vanquished Creatures
  An ooze (D:2)
  2 worms
  A dart slug (D:2)
  3 orcs (D:3)
  2 giant cockroaches (D:1)
  8 goblins
  4 hobgoblins
  7 kobolds
  A ball python (D:1)
  4 bats
  5 frilled lizards
  6 rats
44 creatures vanquished.

Notes
Turn   | Place    | Note
-------+----------+-------------------------------------------
     0 | D:1      | b5mith the Minotaur Berserker began the quest for the Orb.
     0 | D:1      | Reached XP level 1. HP: 19/19 MP: 0/0
   178 | D:1      | Reached XP level 2. HP: 25/27 MP: 1/1
   623 | D:2      | Reached XP level 3. HP: 34/34 MP: 2/2
   819 | D:3      | Reached ** piety under Trog
  1398 | D:4      | Noticed enarc13's ghost (amateur TrEE)
  1415 | D:4      | Slain by enarc13's ghost

Vault maps used:
D:1:      dpeg_arrival_arbitrary_a
D:4:      first_ration

Skill      XL: |  1 |
---------------+----+-----
Fighting       | 4 |  4.7
Maces & Flails | 4 |  4.8
Armour         | |  2.4
Dodging        | |  2.1

Action                   || total
-------------------------++-------
Melee: Mace              ||    83
       Headbutt          ||     7
Invok: Berserk           ||     1
  Eat: Chunk             ||     1
Armor: Animal skin       ||     2
       Ring mail         ||    20
Dodge: Dodged            ||    38

Table legend:
 A = Spawn XP
 B = Non-spawn XP
 C = Spawn XP percentage of total XP
 D = Spawn monster count
 E = Non-spawn monster count
 F = Spawn count percentage of total count
 G = Total turns spent on level
                    A         B        C        D         E        F      G
               +---------+---------+-------+---------+---------+-------+---------
         Total |       0 |      83 |   0.0 |       0 |      44 |   0.0 |  1415
               +---------+---------+-------+---------+---------+-------+---------
           D:1 |       0 |      22 |   0.0 |       0 |      16 |   0.0 |   418
           D:2 |       0 |      28 |   0.0 |       0 |      11 |   0.0 |   362
           D:3 |       0 |      33 |   0.0 |       0 |      17 |   0.0 |   593
               +---------+---------+-------+---------+---------+-------+---------
